 Dungeon Crawl Stone Soup version 0.19.1 (webtiles) character file.

6823 CanadianGator the Basher (level 11, -7/68 HPs)
             Began as a Gargoyle Fighter on Dec 12, 2016.
             Was a Believer of the Shining One.
             Mangled by a hill giant
             ... wielding a +0 giant club
              (31 damage)
             ... on level 10 of the Dungeon on Dec 13, 2016.
             The game lasted 00:39:32 (9678 turns).

CanadianGator the Basher (Gargoyle Fighter)         Turns: 9678, Time: 00:39:32

Health: -7/68      AC: 26    Str: 20    XL:     11   Next: 5%
Magic:  2/12       EV:  7    Int:  9    God:    the Shining One [**....]
Gold:   181        SH: 11    Dex: 10    Spells: 0 memorised, 10 levels left

rFire  + . .     SeeInvis .     k - +0 morningstar
rCold  . . .     Gourm    .     G - +1 plate armour {rPois}
rNeg   + + .     Faith    .     c - +0 shield
rPois  ∞         Spirit   .     J - +0 helmet
rElec  +         Reflect  .     A - +0 cloak
rCorr  .         Harm     .     (no gloves)
MR     .....                    K - +0 pair of boots
Stlth  ..........               (no amulet)
                                (no ring)
                                (no ring)

@: very slightly contaminated, glowing
A: clumsy 1, fire resistance 1, negative energy resistance 1, electricity
resistance, unbreathing, petrification resistance, rot immunity, MP-powered
wands, AC +7
a: Divine Shield, Renounce Religion


You were on level 10 of the Dungeon.
You worshipped the Shining One.
The Shining One was pleased with you.
You were not hungry.

You visited 2 branches of the dungeon, and saw 11 of its levels.

You collected 426 gold pieces.
You spent 245 gold pieces at shops.

Inventory:

Hand Weapons
 k - a +0 morningstar (weapon)
Armour
 c - a +0 shield (worn)
 d - a +0 chain mail of cold resistance
 A - a +0 cloak (worn)
 G - a +1 plate armour of poison resistance (worn)
 J - a +0 helmet (worn)
 K - a +0 pair of boots (worn)
Rods
 R - a -3 rod of shadows (11/11)
   (You found it on level 9 of the Dungeon)
Wands
 a - a wand of acid (3/15)
 l - a wand of teleportation (4/9)
 s - a wand of iceblast (0/15)
 y - a wand of iceblast (12/15)
 E - a wand of lightning (10/15)
 F - a wand of iceblast (10/15)
 N - a wand of heal wounds (2/9)
 Q - a wand of flame (10/48)
Scrolls
 h - 2 scrolls of enchant armour
 j - 3 scrolls of magic mapping
 m - 2 scrolls of remove curse
 o - 2 scrolls of enchant weapon {unknown}
 p - 4 scrolls of teleportation
 q - a scroll of fear {unknown}
 r - a scroll of immolation {unknown}
 u - a scroll of amnesia {unknown}
 w - a scroll of noise {unknown}
 B - 2 scrolls of fog {unknown}
 H - a scroll of recharging {unknown}
Potions
 e - 2 potions of curing
 n - a potion of flight
 C - a potion of haste
 D - 2 potions of might
 L - 2 potions of lignification
 M - a potion of brilliance {unknown}
Books
 I - a book of Maledictions

   Spells                             Type                      Level
   a - Corona                         Hexes                        1
   b - Ensorcelled Hibernation        Hexes/Ice                    2
   c - Confuse                        Hexes                        3
   d - Tukima's Dance                 Hexes                        3
   e - Dazzling Spray                 Conjuration/Hexes            3
Comestibles
 b - 4 meat rations
 f - 4 bread rations
 g - 5 fruits
 t - 3 chunks of flesh
 v - 2 slices of pizza
 x - 7 beef jerkies
 P - 2 royal jellies


   Skills:
 + Level 8.1 Fighting
 * Level 9.6 Maces & Flails
 + Level 8.1 Armour
 + Level 5.2 Dodging
 + Level 8.3 Shields
 + Level 1.8 Invocations
 + Level 1.0 Evocations


You had 10 spell levels left.
You didn't know any spells.

Dungeon Overview and Level Annotations

Branches:
Dungeon (10/15)            Temple (1/1) D:7            Lair (0/6) D:10
    Orc: D:9-12

Altars:
Ashenzari
Cheibriados
Dithmenos
Elyvilon
Fedhas
Gozag
Hepliaklqana
Kikubaaqudgha
Makhleb
Nemelex Xobeh
Okawaru
Qazlal
Ru
Sif Muna
Trog
Uskayaw
Vehumet
Xom
Yredelemnul
Zin
The Shining One

Shops:
D:4 =   D:6 }!


Innate Abilities, Weirdness & Mutations

You are resistant to torment.
Your stone body is resilient. (AC +7)
You are immune to poison.
You resist negative energy. (rN+)
You are resistant to electric shocks. (rElec)
You can survive without breathing.
You are immune to petrification.
You are immune to rotting.
You are clumsy. (Dex -2)
Your flesh is heat resistant. (rF+)
You expend magic power (3 MP) to strengthen your wands.


Message History

Press: ? - help, Shift-Dir - straight line, f - you, p - hill giant You feel much better.
Evoking this partially-identified wand wasted a few charges.
Your skill with magical items lets you calculate the power of this device...
This wand has 2 charges left.
A leopard gecko comes into view.
The leopard gecko hisses angrily.
The troll bites you but does no damage. You block the troll's attack.
The troll claws you!
You puncture the troll!
The troll is moderately wounded.
You block the troll's attack. The troll claws you.
The troll closely misses you. You block the hill giant's attack.
You enter the shallow water.
Moving in this stuff is going to be slow.
You block the troll's attack. The troll claws you but does no damage.
The troll barely misses you.
The hill giant hits you with a giant club!!
You die...

............(÷.............
...............†..[........
.................()C........
###################.........#
.##################.........#
.........≈≈≈≈≈≈.............#
.≈.≈.≈..≈≈≈≈≈≈≈.≈..≈........#
.T.≈..≈≈≈≈≈≈≈≈≈.TC....<...>.#
...C≈.≈≈≈≈≈≈≈≈≈≈@≈≈.........#
..≈≈≈≈.≈≈≈≈≈≈≈≈≈≈l.†........#
.≈≈≈≈≈≈.≈≈≈.≈.≈≈≈≈....).....#
.≈≈≈≈≈≈≈.....≈≈≈≈.≈.........#
..§........>..≈≈≈≈...>......#
.≈≈≈≈≈≈≈≈....≈≈≈.≈≈≈........#
....≈≈≈≈...≈..≈≈≈...........#
.≈≈≈≈≈≈≈≈≈≈.≈≈≈≈≈≈≈.........#
..≈≈≈≈≈≈≈≈≈≈≈≈≈≈≈...........#


You could see a hill giant, a troll and a leopard gecko.

Vanquished Creatures
  The ghost of xer the Conjurer, a novice GrWz of Vehumet (D:5)
  A troll (D:10)
  A hippogriff (D:9)
  Sigmund (D:2)
  2 wyverns
  5 yaks (D:9)
  5 wraiths (D:8)
  Eustachio (D:4)
  A hungry ghost (D:9)
  2 water moccasins
  An orc warrior (D:10)
  2 ice beasts
  A sky beast (D:7)
  4 ogres
  A phantom (D:4)
  The ghost of Sabetwolf the Skirmisher, an amateur DsFi (D:3)
  3 wolves (D:10)
  2 big kobolds
  4 bullfrogs
  2 wyvern skeletons (D:10)
  A scorpion (D:4)
  9 killer bees
  The ghost of Sabetwolf the Skirmisher, a weakling DsFi (D:4)
  An electric eel (D:10)
  3 howler monkeys (D:7)
  5 crimson imps
  2 bullfrog zombies
  A quasit (D:10)
  4 hounds
  A bullfrog skeleton (D:8)
  3 orc priests
  3 jellies (D:9)
  4 orc wizards
  Crazy Yiuf (D:5)
  3 centaur skeletons
  4 iguanas
  3 worker ants
  A killer bee zombie (D:8)
  A hound zombie (D:5)
  2 hound skeletons (D:7)
  A worker ant zombie (D:6)
  A gnoll (D:1)
  11 adders
  A shadow imp (D:6)
  An ooze (D:3)
  An adder skeleton (D:8)
  2 worms
  4 dart slugs
  5 leopard geckos
  18 orcs
  2 ball pythons
  8 giant cockroaches
  8 goblins
  4 hobgoblins
  11 jackals
  6 quokkas
  9 bats
  5 frilled lizards
  A jackal skeleton (D:5)
  21 kobolds
  A quokka skeleton (D:8)
  6 rats
221 creatures vanquished.

Notes
Turn   | Place    | Note
-------+----------+-------------------------------------------
     0 | D:1      | CanadianGator the Gargoyle Fighter began the quest for the Orb.
     0 | D:1      | Reached XP level 1. HP: 14/14 MP: 1/1
   240 | D:1      | Reached XP level 2. HP: 19/19 MP: 2/2
   355 | D:1      | Reached XP level 3. HP: 20/23 MP: 3/3
  1169 | D:2      | Found a faded altar of an unknown god.
  1218 | D:2      | Noticed Sigmund
  1228 | D:2      | Killed Sigmund
  1228 | D:2      | Reached skill level 3 in Maces & Flails
  1228 | D:2      | Reached skill level 1 in Dodging
  1228 | D:2      | Reached XP level 4. HP: 24/29 MP: 4/4
  1228 | D:2      | Reached XP level 5. HP: 27/33 MP: 5/5
  1439 | D:2      | Reached XP level 6. HP: 38/38 MP: 6/6
  1694 | D:3      | Noticed Sabetwolf's ghost (amateur DsFi)
  1740 | D:3      | Killed Sabetwolf's ghost
  1740 | D:3      | Reached skill level 4 in Maces & Flails
  2773 | D:3      | Found a deep blue altar of Sif Muna.
  2804 | D:4      | Found Hualezo's Jewellery Emporium.
  3153 | D:4      | Reached XP level 7. HP: 26/44 MP: 7/7
  3181 | D:4      | Reached skill level 5 in Shields
  3245 | D:4      | Noticed Sabetwolf's ghost (weakling DsFi)
  3275 | D:4      | Killed Sabetwolf's ghost
  3732 | D:4      | Found a bloodstained altar of Trog.
  3956 | D:4      | Noticed Eustachio
  3998 | D:4      | Killed Eustachio
  3998 | D:4      | Reached skill level 5 in Fighting
  3998 | D:4      | Reached skill level 5 in Maces & Flails
  4188 | D:5      | Entered Level 5 of the Dungeon
  4315 | D:5      | Found a hazy altar of Hepliaklqana.
  4485 | D:5      | Noticed xer's ghost (novice GrWz)
  4499 | D:5      | Reached XP level 8. HP: 31/49 MP: 8/8
  4515 | D:5      | Killed xer's ghost
  4515 | D:5      | Reached skill level 5 in Armour
  4934 | D:5      | Found a runed door.
  5156 | D:5      | Noticed Crazy Yiuf
  5162 | D:5      | Killed Crazy Yiuf
  5341 | D:6      | Reached skill level 6 in Maces & Flails
  5618 | D:6      | Found a glowing silver altar of Zin.
  5618 | D:6      | Found a bloodstained altar of Trog.
  5623 | D:6      | Found a basalt altar of Yredelemnul.
  5625 | D:6      | Found a radiant altar of Vehumet.
  5626 | D:6      | Found an opulent altar of Gozag.
  5732 | D:6      | Found Vigaxt Cyngo's Gadget Shop.
  5750 | D:6      | Reached XP level 9. HP: 52/55 MP: 9/9
  5769 | D:6      | Bought a wand of lightning (11/15) for 210 gold pieces
  5781 | D:6      | Found Ugufapti's Distillery.
  5789 | D:6      | Bought a potion of mutation for 35 gold pieces
  5789 | D:6      | Gained mutation: You are clumsy. (Dex -2) [potion of mutation]
  5789 | D:6      | Gained mutation: Your flesh is heat resistant. (rF+) [potion of mutation]
  5789 | D:6      | Gained mutation: You expend magic power (3 MP) to strengthen your wands. [potion of mutation]
  5961 | D:7      | Found a hide-covered altar of Uskayaw.
  5961 | D:7      | Found a sparkling altar of Nemelex Xobeh.
  6242 | D:7      | Found a staircase to the Ecumenical Temple.
  6250 | D:7      | Reached skill level 7 in Maces & Flails
  6300 | Temple   | Entered the Ecumenical Temple
  6386 | Temple   | Became a worshipper of the Shining One
  7167 | D:8      | Found a stormy altar of Qazlal.
  7632 | D:8      | Reached skill level 8 in Maces & Flails
  7782 | D:8      | Reached * piety under the Shining One
  7882 | D:8      | Reached XP level 10. HP: 56/61 MP: 10/10
  8382 | D:9      | Found a sparkling altar of Nemelex Xobeh.
  8726 | D:9      | Reached skill level 9 in Maces & Flails
  8731 | D:9      | HP: 2/63 [yak (9)]
  8953 | D:9      | Identified a -3 rod of shadows (11/11) (You found it on level 9 of the Dungeon)
  9341 | D:10     | Entered Level 10 of the Dungeon
  9363 | D:10     | Reached skill level 5 in Dodging
  9375 | D:10     | Found a staircase to the Lair.
  9430 | D:10     | Reached ** piety under the Shining One
  9477 | D:10     | Reached skill level 1 in Invocations
  9514 | D:10     | Reached XP level 11. HP: 40/68 MP: 1/12
  9624 | D:10     | Reached skill level 1 in Evocations
  9626 | D:10     | Noticed a hill giant
  9639 | D:10     | HP: 1/68 [troll (10)]
  9678 | D:10     | Mangled by a hill giant

Skill      XL: |  1  2  3  4  5  6  7  8  9 10 11 |
---------------+----------------------------------+-----
Fighting       | 4 5 6 8 |  8.1
Maces & Flails | 3 4 5 6 8 9 |  9.6
Armour         | 4 5 6 8 |  8.1
Dodging        | 1 2 3 4 5 |  5.2
Shields        | 4 5 6 7 8 |  8.3
Invocations    | 1 |  1.8
Evocations     | 1 |  1.0

Action                   |  1- 3 |  4- 6 |  7- 9 | 10-12 || total
-------------------------+-------+-------+-------+-------++-------
Melee: Flail             |   149 |    32 |       |       ||   181
       Whip              |       |   200 |   192 |       ||   392
       Morningstar       |       |       |   481 |   270 ||   751
Evoke: Wand              |       |       |       |    14 ||    14
  Use: Potion            |     1 |     3 |     1 |     5 ||    10
       Scroll            |       |       |    11 |     4 ||    15
 Stab: Invisible         |       |     6 |       |       ||     6
  Eat: Chunk             |     1 |     3 |     6 |     6 ||    16
       Royal jelly       |       |     1 |       |       ||     1
       Beef jerky        |       |     1 |       |       ||     1
       Bread ration      |       |       |     3 |       ||     3
Armor: Scale mail        |    85 |       |       |       ||    85
       Chain mail        |       |   148 |   274 |       ||   422
       Plate armour      |       |       |   199 |   280 ||   479
Dodge: Dodged            |    41 |    50 |   185 |   108 ||   384
Block: Shield            |    81 |   128 |   450 |   221 ||   880
